 Dungeon Crawl Stone Soup version 0.30-a0-996-ga6910c8ee8 (webtiles) character file.

Game seed: 18325852443955568497

37 lessens the Covered (level 3, 0/28 HPs)
             Began as a Naga Wanderer on Mar 21, 2023.
             Slain by a hound (2 damage)
             ... on level 2 of the Dungeon on Apr 4, 2023.
             The game lasted 00:01:57 (1188 turns).

lessens the Covered (Naga Wanderer)                 Turns: 1188, Time: 00:01:58

Health: 0/28       AC:  6    Str: 16    XL:     3   Next: 39%
Magic:  6/6        EV:  7    Int: 11    God:
Gold:   136        SH:  0    Dex: 11    Spells: 5/6 levels left

rFire   . . .      SeeInvis +    a - +0 club
rCold   . . .      Faith    .    (no shield)
rNeg    . . .      Spirit   .    d - +2 scale mail
rPois   +          Reflect  .    (no helmet)
rElec   .          Rampage  .    (no cloak)
rCorr   .                        (no gloves)
Will    .....                    (no barding) Stlth
                                 (no amulet)
HPRegen 0.24/turn                (no ring)
MPRegen 0.10/turn                (no ring)

@: short of breath, very slow
A: AC +1, large, see invisible, deformed body, poison resistance, slowness 2,
spit poison 1, naga tail 1
a: Spit Poison


You were on level 2 of the Dungeon.
You visited 1 branch of the dungeon, and saw 2 of its levels.

You collected 136 gold pieces.

Inventory:

Hand Weapons
 a - a +0 club (weapon)
Missiles
 h - 6 boomerangs
 i - 12 stones
Armour
 d - a +2 scale mail (worn)
 n - a +1 robe of fire resistance
Scrolls
 c - a scroll of blinking
 f - a scroll of identify {unknown}
 j - a scroll of poison {unknown}
 k - a scroll of fog {unknown}
 l - a scroll of teleportation {unknown}
 m - a scroll of immolation {unknown}
Potions
 g - a potion of degeneration {unknown}
 o - a potion of curing {unknown}


   Skills:
 + Level 2.9 Maces & Flails
 - Level 3.2 Armour
 - Level 1.5 Stealth
 - Level 2.0 Spellcasting
 - Level 2.0 Earth Magic
 - Level 1.0 Evocations


You had 5 spell levels left.
You knew the following spells:

 Your Spells              Type           Power      Damage    Failure   Level
a - Sandblast             Erth           10%        2d5       41%         1

Your spell library contained the following spells:

 Spells                   Type           Power      Damage    Failure   Level
 Stone Arrow              Conj/Erth      6%         3d7       90%         3


Dungeon Overview and Level Annotations

Branches:
Dungeon (2/15) Zot: 10420

Altars:


Innate Abilities, Weirdness & Mutations

Your serpentine skin is tough. (AC +1)
You have supernaturally acute eyesight. (SInv)
Armour fits poorly on your strangely shaped body.
Your system is resistant to poisons. (rPois)
You cover ground very slowly.
You can spit poison.
You have a snake-like lower body.


Message History

The hound is severely wounded.
The hound bites you but does no damage.
You barely miss the hound.
The hound is severely wounded.
The hound closely misses you. The hound bites you but does no damage.
You hit the hound but do no damage.
The hound is severely wounded.
The hound bites you but does no damage. The hound closely misses you.
You miss the hound.
The hound is severely wounded.
You have got your breath back.
The hound bites you.
Aiming: Spit Poison (2% risk of failure)
Press: ? - help, Q - select action, (/) - cycle Shift-Dir - straight line, f/p - hound
Aim: a hound (severely wounded, 45% to hit)
The splash of poison misses the hound.
The hound bites you but does no damage.
A kobold comes into view. It is wielding a +0 dagger.
The hound bites you.
* * * LOW HITPOINT WARNING * * *
You barely miss the hound.
The hound is severely wounded.
The kobold shouts!
You hear a shout!
The hound bites you.
* * * LOW HITPOINT WARNING * * *
The hound bites you.
* * * LOW HITPOINT WARNING * * *
Really quaff the potion of lignification?
You turn into a tree.
Your +2 scale mail melds into your body.
Your roots penetrate the ground.
The kobold throws a stone.
The stone hits you but does no damage. The hound bites you.
* * * LOW HITPOINT WARNING * * *
It was a potion of cancellation.
Your magical effects are unravelling.
You feel magically purged.
You feel less wooden.
Your +2 scale mail unmelds from your body.
The hound barely misses you. The hound bites you.
You die...

#... #.......... ##
#....#.>... ##.
#....#.....########†.
..#......###.†.........
..#...........###......
#.#...............#####
#.#..(?#####.....##
#.#...@# #...#..#
##.###.#...h# #...##.#
.......#K..## #...##.#
.......†...#### #...##.#
.......#......###...##.#
###....#......h.#...##.#
####.#...###.....###.####
..#...# ####.........#
..#...# #.##...##.##


You could see a hound and a kobold.

Vanquished Creatures
  2 adders (D:2)
  A worm (D:1)
  4 ball pythons
  2 endoplasms (D:1)
  A goblin (D:1)
  2 quokkas
  2 frilled lizards (D:1)
  2 rats (D:2)
16 creatures vanquished.

Notes
Turn   | Place    | Note
-------+----------+-------------------------------------------
     0 | D:1      | lessens the Naga Wanderer began the quest for the Orb.
     0 | D:1      | lessens set off with the following items: a +0 club, a
                  | potion of lignification, a scroll of blinking, a +2 scale
                  | mail; and the following spell memorised: Sandblast; and the
                  | following spells available to memorise: Stone Arrow.
     0 | D:1      | Reached XP level 1. HP: 15/15 MP: 3/3
     0 | D:1      | Upgraded the game from 0.30-a0-918-g0ff054e9dc to
                  | 0.30-a0-996-ga6910c8ee8
   156 | D:1      | Reached skill level 1 in Maces & Flails
   425 | D:1      | Reached XP level 2. HP: 22/22 MP: 5/5
  1062 | D:2      | Reached XP level 3. HP: 28/28 MP: 6/6
  1187 | D:2      | HP: 2/42 [hound (1)]
  1188 | D:2      | Slain by a hound

Illustrated notes

Levels and vault maps discovered:
D:1:      dpeg_arrival_concentric_ovals, layout_loops_ring, minmay_liquid_box
D:2:      minmay_recursive_quarters, layout_rooms, minmay_indecisive_spiral

Skill      XL: |  1  2 |
---------------+-------+-----
Maces & Flails | 1 2 |  2.9
Armour         | |  3.2
Stealth        | |  1.5
Spellcasting   | |  2.0
Earth Magic    | |  2.0
Evocations     | |  1.0

Action                     || total
---------------------------++-------
  Melee: Club              ||    60
         Punch             ||     1
Ability: Spit Poison       ||    17
    Use: Potion            ||     2
 Armour: Scale mail        ||    28
         Skin              ||     1
  Dodge: Dodged            ||    25

Table legend: (Time is in decaauts)
 A = Elapsed time spent in this place.
 B = Non-inter-level travel time spent in this place.
 C = Inter-level travel time spent in this place.
 D = Time resting spent in this place.
 E = Time spent auto-exploring this place.
 F = Levels seen in this place.
 G = Mean time per level.
                   A        B        C        D        E       F      G
               +--------+--------+--------+--------+--------+-----+--------+
         Total |   1578 |   1509 |     69 |     77 |   1249 |   2 |  789.0 |
       Dungeon |   1578 |   1509 |     69 |     77 |   1249 |   2 |  789.0 |
               +--------+--------+--------+--------+--------+-----+--------+

Top non-repeatable levels by time:
     D:1: 1369 daAuts
     D:2: 208 daAuts
